[Event "Late-Titled-Tuesday-Blitz-October-10-2023"]
[Site "Chess.com"]
[Date "2023.10.10"]
[Round "3"]
[White "vyprd"]
[Black "Angry_Twin"]
[Result "0-1"]
[WhiteElo "2352"]
[BlackElo "2948"]
[TimeControl "180+1"]
[EndTime "14:29:14 PDT"]
[Termination "Angry_Twin won by checkmate"]

1. e4 c5 2. Nf3 d6 3. d4 cxd4 4. Nxd4 Nf6 5. Nc3 a6 6. Be3 e5 7. Nb3 Be7 8. f3 Be6 9. Qd2 h5 10. O-O-O Nbd7 11. Kb1 b5 12. h3 h4 13. Bd3 Nb6 14. f4 Nc4 15. Bxc4 Bxc4 16. Rhe1 a5 17. Qf2 Qc7 18. Bb6 Qc8 19. Nxa5 O-O 20. Nb3 b4 21. Nd5 Nxd5 22. exd5 Qa6 23. Na5 Bf6 24. fxe5 Bxe5 25. Rxe5 dxe5 26. d6 Be6 27. Qc5 Rfc8 28. Bc7 Qe2 29.
Rg1 Bf5 30. Nc6 Kh7 31. Nxb4 Ra4 32. a3 Rca8 33. Rc1 Qxg2 34. Qxe5 Qg6 35. Qe7 Be6 36. d7 Bxd7 37. Qxd7 R4a7 38. Qd6 Qf5 39. Bb6 Rd7 40. Qc5 Qxc5 41. Bxc5 Rc8 42. Be3 f6 43. Nd3 g5 44.
Rf1 Kg6 45. b4 Re8 46. Bc1 Rd4 47. Rf3 Rde4 48. Kb2 Re2 49. b5 Rh2 50. a4 Rc8 51. Rf2 Rxh3 52. b6 Rg3 53. a5 Rg4 54. Kb3 Rd4 55.
Be3 Rd5 56. a6 Ra5 57. Nb4 Re8 58. Bd4 f5 59. c3 g4 60. b7 g3 61. Rg2 f4 62. a7 Rxa7 63. Bxa7 h3 64. Rg1 h2 65. Rh1 Kf5 66. Nd3 Kg4 67. Ne1 f3 68. Nxf3 Kxf3 69. b8=Q Rxb8+ 70. Bxb8 g2 71. Rxh2 g1=Q 72. Rc2 Qb6+ 73.
Ka2 Qxb8 74. c4 Ke3 75. c5 Qa7+ 76. Kb2 Qb7+ 77. Kc1 Qc6 78. Kb2 Kd3 79. Rc3+ Kd4 80. Rc2 Qb5+ 81. Kc1 Kd3 82. Rd2+ Ke3 83. Rc2 Qf1+ 84.
Kb2 Qf6+ 85. Kc1 Kd3 86. Rd2+ Kc3 87. Rc2+ Kb3 88. Kb1 Qf1+ 89. Rc1 Qd3+ 90. Ka1 Qa6+ 91. Kb1 Qa2# 0-1

[Event "Late-Titled-Tuesday-Blitz-October-10-2023"]
[Site "Chess.com"]
[Date "2023.10.10"]
[Round "3"]
[White "Levanzovsky"]
[Black "Arteler"]
[Result "1-0"]
[WhiteElo "2430"]
[BlackElo "2601"]
[TimeControl "180+1"]
[EndTime "14:29:20 PDT"]
[Termination "Levanzovsky won by resignation"]

1. e4 e6 2. d4 d5 3. e5 c5 4. c3 Qb6 5. Nf3 Nc6 6. a3 Nh6 7. b4 cxd4 8. cxd4 Nf5 9. Bb2 Be7 10. Bd3 O-O 11. Bxf5 exf5 12. Nc3 Be6 13. O-O g5 14. Qd2 Qd8 15. Ne1 f4 16. h4 h6 17. Rc1 Rc8 18.
Rc2 Bf5 19. Rc1 Qd7 20. Ne2 Qe6 21. Nf3 Be4 22. Nh2 Kh8 23. f3 Bf5 24. hxg5 hxg5 25.
g3 fxg3 26. Nxg3 Bh3 27. Rf2 Kg7 28. Nhf1 Rh8 29. Ne3 Rh4 30. Rh2 Rch8 31. Rc2 Kf8 32.
Qd3 Bd8 33. Nef5 R4h7 34. Nd6 Bb6 35. Kh1 Ne7 36. a4 a5 37. bxa5 Bxa5 38. Qb5 Be1 39. Nf1 Nf5 40. Rc8+ Kg7 41. Nxf5+ Qxf5 42. Rxh8 Rxh8 43.
Qe2 Bb4 44. Bc1 g4 45. fxg4 Bxg4 46. Qg2 Rg8 47. Ne3 Qf3 48. Nxg4 Qd1+ 49. Qg1 Qxg1+ 50. Kxg1 Kf8 51. Rg2 Ke7 52. Nf6 Rxg2+ 53. Kxg2 Ke6 54.
Kf3 b6 55. Ke3 Be7 56. Ng4 Bg5+ 57. Kd3 Bxc1 58. Nf6 Bg5 59. Ne8 Kd7 60. Ng7 Bh6 61. Nf5 Bf8 62. Kc3 Ke6 63. Ne3 Bh6 64. Nc2 Bf8 65. Ne1 f6 66. Nd3 fxe5 67. Nxe5 Bd6 68. Nd3 Kf5 69. Nf2 Kf4 70. Kd3 Kf3 71. Nd1 Bb4 72.
Ne3 Ba5 73. Nxd5 Kg4 74. Kc4 Kf5 75. Kb5 Ke4 76. Nxb6 Bc3 77. d5 Ke5 78. Kc6 Bb4 79. Nc4+ Kd4 80. Nb6 Ke5 81. Nd7+ Kd4 82. d6 Kc4 83.
Nb6+ Kb3 84. d7 Be7 85. Nd5 Bd8 86. Kb5 Kc2 87. a5 Kd3 88. a6 Kd4 89. a7 Kxd5 90.
a8=Q+ 1-0

[Event "Late-Titled-Tuesday-Blitz-October-10-2023"]
[Site "Chess.com"]
[Date "2023.10.10"]
[Round "4"]
[White "Iball95"]
[Black "Zhbugnoimt"]
[Result "1-0"]
[WhiteElo "2836"]
[BlackElo "2556"]
[TimeControl "180+1"]
[EndTime "14:31:26 PDT"]
[Termination "Iball95 won by resignation"]

1. e4 c5 2. Nf3 d6 3. Nc3 Nf6 4.
d4 cxd4 5. Qxd4 Nc6 6. Bb5 Bd7 7. Bxc6 Bxc6 8. Bg5 e6 9. O-O-O Be7 10. Rhe1 O-O 11. e5 dxe5 12. Nxe5 Qxd4 13. Rxd4 Bxg2 14. Nd7 Rfd8 15. Bxf6 gxf6 16. Rg1 1-0

[Event "Late-Titled-Tuesday-Blitz-October-10-2023"]
[Site "Chess.com"]
[Date "2023.10.10"]
[Round "4"]
[White "KamlaPasand"]
[Black "Ishowmoves57"]
[Result "0-1"]
[WhiteElo "2430"]
[BlackElo "2180"]
[TimeControl "180+1"]
[EndTime "14:32:13 PDT"]
[Termination "Ishowmoves57 won by resignation"]

1. e4 c5 2. Nf3 Nc6 3. d4 cxd4 4. Nxd4 e5 5. Nb5 a6 6. Nd6+ Bxd6 7. Qxd6 Qf6 8. Qd3 Nb4 9. Qd2 Qe7 10. b3 Nf6 11.
Ba3 a5 12. c3 Nxe4 13. Qe3 Nc2+ 14. Ke2 Nxa3 15. Qxe4 Nxb1 16. Rxb1 O-O 17. Ke1 d5 18.
Qxd5 Bf5 19. Bc4 Bxb1 20. Ke2 Rad8 21. Qf3 e4 22. Qf4 Bd3+ 0-1

[Event "Late-Titled-Tuesday-Blitz-October-10-2023"]
[Site "Chess.com"]
[Date "2023.10.10"]
[Round "4"]
[White "DrCeltic"]
[Black "Verony64"]
[Result "1-0"]
[WhiteElo "2474"]
[BlackElo "2192"]
[TimeControl "180+1"]
[EndTime "14:32:30 PDT"]
[Termination "DrCeltic won by resignation"]

1. e4 e5 2. Nf3 d6 3. d4 Nd7 4.
Nc3 c6 5. a4 Be7 6. Bc4 Ngf6 7.
O-O O-O 8. Re1 Qc7 9. d5 c5 10. a5 a6 11. Bd2 Rb8 12. Qe2 g6 13. Na4 Nh5 14. c3 Bf6 15. b4 Nf4 16. Qf1 Bg7 17. Be3 f5 18. bxc5 Nxc5 19. Nxc5 dxc5 20. d6+ 1-0

[Event "Late-Titled-Tuesday-Blitz-October-10-2023"]
[Site "Chess.com"]
[Date "2023.10.10"]
[Round "4"]
[White "Firouzja2003"]
[Black "YouShallNotPass001"]
[Result "1-0"]
[WhiteElo "3054"]
[BlackElo "2418"]
[TimeControl "180+1"]
[EndTime "14:32:44 PDT"]
[Termination "Firouzja2003 won by checkmate"]

1. e4 e5 2. Nf3 Nc6 3. Bb5 Nf6 4. d3 Bc5 5. Bxc6 dxc6 6. Nc3 Nd7 7. Qe2 O-O 8. Be3 Bd6 9. O-O-O b5 10. d4 Qe7 11.
dxe5 Nxe5 12. Nd4 Bd7 13. Kb1 Nc4 14. Bc1 Rfe8 15. Rd3 a6 16. g4 g6 17. Rg1 c5 18.
Nd5 Qe5 19. Nf5 gxf5 20. gxf5+ Kh8 21. Qh5 Rg8 22. Qxh7+ Kxh7 23. Rh3# 1-0

[Event "Late-Titled-Tuesday-Blitz-October-10-2023"]
[Site "Chess.com"]
[Date "2023.10.10"]
[Round "4"]
[White "MalyDominator"]
[Black "canary2016"]
[Result "1-0"]
[WhiteElo "2449"]
[BlackElo "2180"]
[TimeControl "180+1"]
[EndTime "14:32:53 PDT"]
[Termination "MalyDominator won by resignation"]

1. e4 c5 2. Nf3 d6 3. d4 cxd4 4. Nxd4 Nf6 5. Nc3 Nc6 6. f3 e6 7.
Be3 Be7 8. Qd2 O-O 9. g4 d5 10. g5 Nd7 11. exd5 exd5 12. Nxd5 Re8 13. O-O-O Nxd4 14. Bxd4 Bxg5 15. f4 Be7 16. Rg1 Bf8 17. Bxg7 Bxg7 18.
Qg2 1-0

[Event "Late-Titled-Tuesday-Blitz-October-10-2023"]
[Site "Chess.com"]
[Date "2023.10.10"]
[Round "4"]
[White "vyprd"]
[Black "SCIM"]
[Result "1-0"]
[WhiteElo "2365"]
[BlackElo "2567"]
[TimeControl "180+1"]
[EndTime "14:33:07 PDT"]
[Termination "vyprd won by resignation"]

1. e4 c6 2. d4 d5 3. exd5 cxd5 4. Bd3 Nc6 5. c3 Nf6 6. h3 e5 7. dxe5 Nxe5 8. Nf3 Bd6 9. O-O O-O 10. Nxe5 Bxe5 11. Nd2 Bc7 12. Nf3 Ne4 13. Be3 Re8 14. Bd4 Bf5 15.
Re1 Qd6 16. Re3 Re6 17. Qe2 Rae8 18. Re1 h6 19. Qc2 Bg6 20. c4 dxc4 21. Bxe4 Bh5 22. g4 Bg6 23. Bxg6 fxg6 24. Rxe6 Rxe6 25. Qxc4 1-0

[Event "Late-Titled-Tuesday-Blitz-October-10-2023"]
[Site "Chess.com"]
[Date "2023.10.10"]
[Round "4"]
[White "EfrenRamos1"]
[Black "Elbebiber"]
[Result "1-0"]
[WhiteElo "2401"]
[BlackElo "2146"]
[TimeControl "180+1"]
[EndTime "14:33:07 PDT"]
[Termination "EfrenRamos1 won by resignation"]

1. d4 d5 2. c4 c6 3. Nc3 Nf6 4. Nf3 dxc4 5. a4 Bf5 6. Nh4 Bg6 7. Nxg6 hxg6 8. e4 e6 9. Bxc4 Bb4 10. f3 Qc7 11. g3 Nbd7 12. Be3 e5 13. Qb3 a5 14. Bxf7+ Kf8 15. Bxg6 Nb6 16. dxe5 1-0

[Event "Late-Titled-Tuesday-Blitz-October-10-2023"]
[Site "Chess.com"]
[Date "2023.10.10"]
[Round "4"]
[White "artin10862"]
[Black "biostatistician"]
[Result "0-1"]
[WhiteElo "2781"]
[BlackElo "2557"]
[TimeControl "180+1"]
[EndTime "14:33:11 PDT"]
[Termination "biostatistician won by resignation"]

1. Nf3 Nf6 2. g3 b6 3. Bg2 Bb7 4. O-O g6 5. d3 Bg7 6. e4 O-O 7. Nbd2 c5 8. Re1 Nc6 9. c3 d5 10. e5 Ne8 11. d4 Nc7 12. c4 Nxd4 13. Nxd4 cxd4 14. Nb3 Rb8 15. Nxd4 dxc4 16. Bxb7 Rxb7 17. Nc6 Qe8 18. Qf3 Ne6 19. Bd2 Rc7 20. Nb4 Rd7 21. Bc3 Qa8 22. Qe2 a5 23. Nc2 Ng5 0-1

[Event "Late-Titled-Tuesday-Blitz-October-10-2023"]
[Site "Chess.com"]
[Date "2023.10.10"]
[Round "4"]
[White "MMSANCHEZ"]
[Black "jup1978"]
[Result "1-0"]
[WhiteElo "2758"]
[BlackElo "2518"]
[TimeControl "180+1"]
[EndTime "14:33:12 PDT"]
[Termination "MMSANCHEZ won by resignation"]

1. d4 Nf6 2. Nf3 e6 3. e3 b6 4.
Bd3 Bb7 5. O-O c5 6. c4 cxd4 7. exd4 d5 8. Nc3 Be7 9. cxd5 Nxd5 10. Ne5 O-O 11. Qg4 Nd7 12. Bh6 Bf6 13. Rfe1 Nxc3 14. bxc3 Kh8 15. Nxd7 Qxd7 16. Qh3 Rg8 17. Bg5 h6 18.
Bxf6 1-0

[Event "Late-Titled-Tuesday-Blitz-October-10-2023"]
[Site "Chess.com"]
[Date "2023.10.10"]
[Round "4"]
[White "Flaccidmoves"]
[Black "isainz"]
[Result "1-0"]
[WhiteElo "2415"]
[BlackElo "2024"]
[TimeControl "180+1"]
[EndTime "14:33:16 PDT"]
[Termination "Flaccidmoves won by resignation"]

1. d4 d5 2. c4 e6 3. Nc3 a6 4. cxd5 exd5 5. Bf4 Nf6 6. e3 Be6 7. Nf3 Bd6 8. Bxd6 Qxd6 9. Bd3 h6 10. O-O Nbd7 11. Rb1 O-O 12. h3 c6 13. b4 Nb6 14. Ne5 Nfd7 15. f4 Nxe5 16. fxe5 Qe7 17. Qh5 Qg5 18. Qxg5 hxg5 19. a4 Nc4 20. Bxc4 dxc4 21.
Ne4 b5 22. a5 Bf5 23. Rxf5 1-0

[Event "Late-Titled-Tuesday-Blitz-October-10-2023"]
[Site "Chess.com"]
[Date "2023.10.10"]
[Round "4"]
[White "kasparicy"]
[Black "sergeikim"]
[Result "0-1"]
[WhiteElo "2394"]
[BlackElo "2598"]
[TimeControl "180+1"]
[EndTime "14:33:43 PDT"]
[Termination "sergeikim won by resignation"]

1. e4 e5 2. Bc4 Nf6 3. d3 Bc5 4. Nc3 Nc6 5. f4 d6 6. Nf3 Bg4 7. h3 Bxf3 8. Qxf3 Nd4 9. Qd1 c6 10. Na4 b5 11. Nxc5 bxc4 12. fxe5 dxe5 13. O-O Qa5 14. Nb7 Qb6 15. Nd6+ Kf8 16. Be3 cxd3 17.
cxd3 Rd8 18. Nc4 Qc5 19. b4 Qe7 20. Qa4 Ne8 21. Qxa7 Qxa7 0-1

[Event "Late-Titled-Tuesday-Blitz-October-10-2023"]
[Site "Chess.com"]
[Date "2023.10.10"]
[Round "4"]
[White "Mykola-Bortnyk"]
[Black "Ali_rastbod"]
[Result "1-0"]
[WhiteElo "2960"]
[BlackElo "2745"]
[TimeControl "180+1"]
[EndTime "14:33:45 PDT"]
[Termination "Mykola-Bortnyk won by resignation"]

1. e4 e6 2. d4 d5 3. exd5 exd5 4. Nf3 Bd6 5. c4 Nf6 6. c5 Be7 7. Bd3 b6 8. Be3 bxc5 9. dxc5 O-O 10. O-O Ba6 11.
Nc3 c6 12. b4 Ng4 13. Bd4 Bf6 14. h3 Bxd4 15. Nxd4 Ne5 16. Bxa6 Nxa6 17. Qe2 Nc4 18. Nxc6 Qh4 19. Nxd5 Rfe8 20. Nce7+ Kh8 21. Rac1 1-0

[Event "Late-Titled-Tuesday-Blitz-October-10-2023"]
[Site "Chess.com"]
[Date "2023.10.10"]
[Round "4"]
[White "MKlose11"]
[Black "The_Princess_Moon"]
[Result "1-0"]
[WhiteElo "2634"]
[BlackElo "2297"]
[TimeControl "180+1"]
[EndTime "14:33:47 PDT"]
[Termination "MKlose11 won by resignation"]

1. e4 c5 2. Nc3 a6 3. g3 b5 4. d3 Bb7 5. Bg2 b4 6. Nce2 e6 7. f4 Nf6 8. Nf3 d5 9. e5 Ng4 10. h3 Nh6 11. g4 Be7 12. O-O Nc6 13.
a3 a5 14. Ng3 Nd4 15. Nxd4 cxd4 16. f5 Bh4 17. Bxh6 Bxg3 18. Bxg7 Rg8 19. Bf6 Qc7 20. fxe6 fxe6 21. Qf3 Bxe5 22. Bxe5 Qxe5 23. Qf7+ Kd8 24.
Qxg8+ Kc7 25. Qf7+ Kb6 26. Rae1 Qg3 27. Rxe6+ Ka7 28.
Qf2 1-0

[Event "Late-Titled-Tuesday-Blitz-October-10-2023"]
[Site "Chess.com"]
[Date "2023.10.10"]
[Round "4"]
[White "giomar27"]
[Black "Gentlejimmy7"]
[Result "0-1"]
[WhiteElo "2285"]
[BlackElo "2502"]
[TimeControl "180+1"]
[EndTime "14:33:49 PDT"]
[Termination "Gentlejimmy7 won by resignation"]

1. a3 g6 2. Nf3 Bg7 3. g3 Nf6 4. Bg2 O-O 5. O-O d5 6. d4 Nc6 7. Nbd2 Re8 8. b4 e5 9. dxe5 Nxe5 10. Bb2 Nfg4 11. Nxe5 Nxe5 12. Rb1 c6 13. c4 dxc4 14.
Qc2 Bf5 15. e4 Be6 16. f4 Nd3 17. Bxg7 Kxg7 18. Nxc4 Qd4+ 19. Kh1 Bxc4 20. f5 Rxe4 21. f6+ Kg8 22. Qd2 Re3 23. Rbc1 Rae8 24. Rc2 Re1 25. Rc1 Rxc1 26. Rxc1 Nf2+ 27. Kg1 Nh3+ 28. Kh1 Qxd2 0-1

[Event "Late-Titled-Tuesday-Blitz-October-10-2023"]
[Site "Chess.com"]
[Date "2023.10.10"]
[Round "4"]
[White "stasOR4ik"]
[Black "Andrei_Skvortsov"]
[Result "1-0"]
[WhiteElo "2448"]
[BlackElo "2664"]
[TimeControl "180+1"]
[EndTime "14:33:51 PDT"]
[Termination "stasOR4ik won by resignation"]

1. e4 c5 2. c3 a6 3. d4 cxd4 4.
cxd4 d5 5. e5 Nc6 6. Nc3 Bf5 7.
Nf3 e6 8. Bd3 Nge7 9. O-O Rc8 10. Bg5 Qb6 11. Na4 Qc7 12. Rc1 Bxd3 13. Qxd3 Nf5 14.
g4 Nfe7 15. Rc3 h5 16. gxh5 Rxh5 17. Rfc1 Nf5 18. Nc5 Bxc5 19. Rxc5 Qb6 20. Bf4 Kd7 21. a3 g5 22. Bg3 g4 23. Nd2 Nfxd4 24. b4 Rf5 25. Kg2 Nf3 26. Rxd5+ exd5 27. Qxf5+ Kc7 28. e6+ 1-0

[Event "Late-Titled-Tuesday-Blitz-October-10-2023"]
[Site "Chess.com"]
[Date "2023.10.10"]
[Round "4"]
[White "Vegan4future"]
[Black "albi1999"]
[Result "1-0"]
[WhiteElo "2423"]
[BlackElo "2616"]
[TimeControl "180+1"]
[EndTime "14:33:54 PDT"]
[Termination "Vegan4future won by resignation"]

1. d4 Nf6 2. Nc3 d5 3. Bf4 a6 4.
e3 b5 5. h4 h5 6. Nf3 Bg4 7.
Qd2 e6 8. Ne5 b4 9. Na4 Ne4 10.
Qc1 Bf5 11. f3 Nd6 12. Bd3 f6 13. Ng6 Rh7 14. Qd2 Kf7 15. Nxf8 Kxf8 16. Qxb4 Bxd3 17. cxd3 Kf7 18. Rc1 Rh8 19. Qc5 Nb5 20. Bxc7 Qe7 21. Qxe7+ Kxe7 22. Nb6 Ra7 23. Bxb8 Rxb8 24. Nc8+ 1-0

[Event "Late-Titled-Tuesday-Blitz-October-10-2023"]
[Site "Chess.com"]
[Date "2023.10.10"]
[Round "4"]
[White "Jarming"]
[Black "maksimys18"]
[Result "1-0"]
[WhiteElo "2767"]
[BlackElo "2523"]
[TimeControl "180+1"]
[EndTime "14:34:05 PDT"]
[Termination "Jarming won by resignation"]

1. d4 e6 2. c4 d5 3. Nf3 Nf6 4.
g3 Be7 5. Bg2 O-O 6. O-O b6 7.
Nc3 Bb7 8. Ne5 Nbd7 9. Bf4 Nxe5 10. dxe5 Ne4 11. Nxe4 dxe4 12. Qc2 Qd7 13. Bxe4 Bxe4 14. Qxe4 Rad8 15. b3 a5 16. Be3 a4 17. Rad1 Qxd1 18.
Rxd1 Rxd1+ 19. Kg2 a3 20. Qb7 Bc5 21. Bxc5 bxc5 22.
Qa7 Rd2 23. Qxa3 Rxe2 24. Qxc5 Rxa2 25. Qxc7 Rb2 26. Qb6 Kh8 27. b4 h5 28. c5 f6 29.
exf6 Rxf6 30. c6 e5 31. b5 e4 32. Qc5 h4 33. c7 e3 34. c8=Q+ Kh7 35. Qxe3 1-0

[Event "Late-Titled-Tuesday-Blitz-October-10-2023"]
[Site "Chess.com"]
[Date "2023.10.10"]
[Round "4"]
[White "Bauman_Guy"]
[Black "hakanazeri2"]
[Result "1-0"]
[WhiteElo "2859"]
[BlackElo "2621"]
[TimeControl "180+1"]
[EndTime "14:34:13 PDT"]
[Termination "Bauman_Guy won by resignation"]

1. e4 c5 2. Nf3 d6 3. d4 cxd4 4. Nxd4 Nf6 5. Nc3 a6 6. h3 e5 7. Nde2 Be6 8. g4 d5 9. exd5 Nxd5 10. Bg2 Nxc3 11. Qxd8+ Kxd8 12. Nxc3 Nc6 13. f4 Bb4 14. f5 Bxc3+ 15. bxc3 Bc4 16. a4 Kc7 17. Be3 f6 18.
a5 Rac8 19. Bb6+ Kb8 20. O-O-O Bb5 21. Rd6 Rhe8 22. Rhd1 e4 23. Rd7 e3 24. Rxg7 e2 25.
Re1 Re3 26. Kd2 Rg3 27. Bd5 Rxh3 28. c4 Ba4 29. Rxe2 Ra3 30. Rxh7 Ra2 31. Kc1 Ra3 32. Kb2 Rg3 33. Rg7 Rh8 34. Bc7+ 1-0

[Event "Late-Titled-Tuesday-Blitz-October-10-2023"]
[Site "Chess.com"]
[Date "2023.10.10"]
[Round "4"]
[White "Schwindle"]
[Black "OLDTERMINATOR"]
[Result "1-0"]
[WhiteElo "2413"]
[BlackElo "1590"]
[TimeControl "180+1"]
[EndTime "14:34:15 PDT"]
[Termination "Schwindle won on time"]

1. e4 e6 2. d4 d5 3. Nc3 Bb4 4. e5 c5 5. Bd2 Nc6 6. Nf3 Bd7 7.
dxc5 Bxc5 8. Bd3 Nge7 9. O-O a6 10. a3 h6 11. Ne2 Qc7 12. Bf4 O-O 13. Qc1 Nf5 14. Bxf5 exf5 15. e6 Bd6 16. exd7 Qxd7 17. Rd1 Bxf4 18. Qxf4 Rad8 19. Ned4 Nxd4 20. Nxd4 g5 21.
Qxf5 Qxf5 22. Nxf5 Kh7 23. c3 Kg6 24. Nd4 Rfe8 25.
Kf1 Re4 26. Re1 Rde8 27. Rxe4 1-0

[Event "Late-Titled-Tuesday-Blitz-October-10-2023"]
[Site "Chess.com"]
[Date "2023.10.10"]
[Round "4"]
[White "Druid24"]
[Black "Hrant_ChessMood"]
[Result "0-1"]
[WhiteElo "2727"]
[BlackElo "2938"]
[TimeControl "180+1"]
[EndTime "14:34:22 PDT"]
[Termination "Hrant_ChessMood won by resignation"]

1. e4 e5 2. Nf3 Nc6 3. Bb5 Nf6 4.
d3 Bc5 5. Bxc6 dxc6 6. Qe2 Nd7 7. a3 O-O 8. Nbd2 Re8 9. O-O Nf8 10. b4 Bd6 11. Bb2 Ng6 12. Nc4 b6 13. Qe3 c5 14.
Nxd6 cxd6 15. g3 h6 16. c4 Bh3 17. Rfe1 Rf8 18. Nd2 f5 19. exf5 Bxf5 20. Ne4 Qd7 21. f3 Rf7 22. Rf1 Raf8 23. Rf2 Qe7 24. Nc3 Be6 25. Nd5 Bxd5 26. cxd5 Qd7 27. bxc5 bxc5 28.
Qe4 Ne7 29. Raf1 Qb7 30. f4 Nxd5 31. fxe5 Rxf2 32. Rxf2 Rxf2 33. Kxf2 Qxb2+ 0-1

[Event "Late-Titled-Tuesday-Blitz-October-10-2023"]
[Site "Chess.com"]
[Date "2023.10.10"]
[Round "4"]
[White "Grischuk"]
[Black "Alex_Sahakyan2006"]
[Result "1-0"]
[WhiteElo "2986"]
[BlackElo "2730"]
[TimeControl "180+1"]
[EndTime "14:34:23 PDT"]
[Termination "Grischuk won by resignation"]

1. d4 Nf6 2. c4 e6 3. Bg5 c5 4.
d5 exd5 5. cxd5 d6 6. e4 g6 7. Bd3 Bg7 8. Ne2 O-O 9. Nec3 Nbd7 10. O-O a6 11. a4 Rb8 12. Na3 Ne5 13. Be2 h6 14.
Bh4 Re8 15. f4 Ned7 16. Kh1 Qc7 17. Qc2 Nf8 18. Rae1 Ng4 19. Bxg4 Bxg4 20. f5 g5 21. Bg3 Nd7 22. Nc4 Ne5 23. Bxe5 Bxe5 24. Nxe5 Rxe5 25. h3 Bh5 26. g4 b5 27. axb5 axb5 28. gxh5 b4 29.
Nd1 c4 30. Nf2 Kg7 31. Ng4 Ree8 32. f6+ Kf8 33. e5 1-0

[Event "Late-Titled-Tuesday-Blitz-October-10-2023"]
[Site "Chess.com"]
[Date "2023.10.10"]
[Round "4"]
[White "Kiborg95"]
[Black "Herman-NY"]
[Result "1-0"]
[WhiteElo "2814"]
[BlackElo "2546"]
[TimeControl "180+1"]
[EndTime "14:34:29 PDT"]
[Termination "Kiborg95 won by resignation"]

1. e4 c5 2. Nc3 e6 3. Nge2 a6 4. g3 b5 5. Bg2 Bb7 6. O-O Nc6 7. d3 Nf6 8. f4 b4 9. Na4 d5 10. e5 Nd7 11. c3 a5 12. d4 cxd4 13. cxd4 g6 14.
g4 Nb6 15. f5 Nxa4 16. Qxa4 gxf5 17. gxf5 Rg8 18. Ng3 Qh4 19. Be3 Bh6 20. Bxh6 Qxh6 21. Rf3 Kd7 22. fxe6+ Qxe6 23. Rf6 Qe7 24. Bxd5 1-0

[Event "Late-Titled-Tuesday-Blitz-October-10-2023"]
[Site "Chess.com"]
[Date "2023.10.10"]
[Round "4"]
[White "rdarruda"]
[Black "carloseduar100"]
[Result "1-0"]
[WhiteElo "2507"]
[BlackElo "2325"]
[TimeControl "180+1"]
[EndTime "14:34:31 PDT"]
[Termination "rdarruda won by resignation"]

1. Nf3 Nf6 2. d4 g6 3. Nc3 Bg7 4. e4 O-O 5. Bg5 d6 6. Qd2 c5 7.
dxc5 dxc5 8. Qxd8 Rxd8 9. e5 Ng4 10. Bxe7 Re8 11. Bxc5 Nxe5 12. Nxe5 Rxe5+ 13. Be3 Bh6 14. O-O-O Bxe3+ 15. fxe3 Nc6 16. e4 a6 17. Bc4 Bg4 18.
Rd6 Rc8 19. Rf1 Nd8 20. Bd5 Be6 21. Bxe6 Nxe6 22. Rd7 Rf8 23. Rxb7 Nc5 24. Rb4 Rfe8 25. Kd2 Nxe4+ 26. Nxe4 Rxe4 27. Rxe4 Rxe4 28. Kd3 Rg4 29. g3 Kf8 30. Re1 Rg5 31. c4 Rf5 32. b4 Rf2 33. Re2 Rf1 34. c5 Rc1 35. Rc2 Rxc2 36. Kxc2 Ke7 37. a4 f5 38. b5 axb5 39. axb5 Ke6 40.
b6 Kd7 41. b7 Kc7 42. c6 g5 43. Kd3 1-0

[Event "Late-Titled-Tuesday-Blitz-October-10-2023"]
[Site "Chess.com"]
[Date "2023.10.10"]
[Round "4"]
[White "Vamostodorecto"]
[Black "Alina_Gumerovna"]
[Result "1-0"]
[WhiteElo "2436"]
[BlackElo "2139"]
[TimeControl "180+1"]
[EndTime "14:34:43 PDT"]
[Termination "Vamostodorecto won by resignation"]

1. d4 d5 2. c4 dxc4 3. e4 Nf6 4.
e5 Nd5 5. Bxc4 Nc6 6. Nf3 Bg4 7. Be3 e6 8. O-O Be7 9. Nc3 Nxe3 10. fxe3 O-O 11. Rc1 Bg5 12. Qd3 Nb4 13. Qe2 c6 14. Ne4 Bh6 15. h3 Bh5 16. g4 Bg6 17. Nd6 b5 18.
Bb3 Bd3 19. Qd2 Bxf1 20. Rxf1 Nd5 21. Bxd5 exd5 22. Rc1 Qd7 23. Nf5 Qe6 24. Rxc6 Qd7 25. Rd6 Qb7 26. g5 1-0

[Event "Late-Titled-Tuesday-Blitz-October-10-2023"]
[Site "Chess.com"]
[Date "2023.10.10"]
[Round "4"]
[White "Zhigalko_Sergei"]
[Black "ValeriyGrinev"]
[Result "1-0"]
[WhiteElo "2894"]
[BlackElo "2586"]
[TimeControl "180+1"]
[EndTime "14:34:47 PDT"]
[Termination "Zhigalko_Sergei won by resignation"]

1. e4 c5 2. Nf3 Nc6 3. c3 Nf6 4. e5 Nd5 5. Bc4 Nb6 6. Bb3 d5 7. exd6 Qxd6 8. O-O Be6 9. Bxe6 Qxe6 10. a4 g6 11. a5 Nd5 12. a6 b5 13. d4 Rd8 14. Na3 Nc7 15. Bf4 Nd5 16. Nxb5 cxd4 17. c4 Qf5 18. cxd5 Qxf4 19. dxc6 Bg7 20. c7 Rc8 21.
Re1 O-O 22. Rxe7 d3 23. Qxd3 Qb4 24. Rae1 Bxb2 25. Nxa7 Ra8 26. c8=Q Raxc8 27. Nxc8 Rxc8 28. Qd5 Qf4 29. g3 Qf6 30. a7 Kg7 31. a8=Q Rxa8 32.
Qxa8 Bc3 33. R1e3 Qxe7 34. Rxe7 1-0

[Event "Late-Titled-Tuesday-Blitz-October-10-2023"]
[Site "Chess.com"]
[Date "2023.10.10"]
[Round "4"]
[White "santosalberto1987"]
[Black "annacramling"]
[Result "1-0"]
[WhiteElo "2456"]
[BlackElo "2212"]
[TimeControl "180+1"]
[EndTime "14:34:48 PDT"]
[Termination "santosalberto1987 won on time"]

1. e4 c5 2. Nf3 e6 3. g3 d5 4. exd5 exd5 5. d4 Nf6 6. Bg2 Nc6 7. O-O Be7 8. dxc5 O-O 9. Be3 Bg4 10. c3 Ne5 11. Nbd2 Ne4 12. Nxe4 Bxf3 13. Bxf3 dxe4 14. Bxe4 Qc7 15. b4 Rad8 16. Qc2 f5 17. Bg2 Ng4 18. Bd4 f4 19. Be4 fxg3 20. Bxh7+ Kh8 21. hxg3 Rf3 22.
Be4 Rxg3+ 23. fxg3 Qxg3+ 24. Qg2 Qh4 25. Rf4 Rxd4 26.
Rxg4 Qf6 27. Rf1 1-0

[Event "Late-Titled-Tuesday-Blitz-October-10-2023"]
[Site "Chess.com"]
[Date "2023.10.10"]
[Round "4"]
[White "Dacean99"]
[Black "kuli4ik"]
[Result "0-1"]
[WhiteElo "2595"]
[BlackElo "2934"]
[TimeControl "180+1"]
[EndTime "14:34:53 PDT"]
[Termination "kuli4ik won by checkmate"]

1. d4 g6 2. e4 Bg7 3. Nf3 d6 4.
c4 Nc6 5. Nc3 Bg4 6. Be3 e5 7. d5 Nd4 8. Be2 Bxf3 9. Bxf3 Ne7 10.
Qd2 c5 11. dxc6 bxc6 12. Bd1 Rb8 13. b3 f5 14. O-O O-O 15. Bh6 Bxh6 16. Qxh6 fxe4 17.
Nxe4 Nef5 18. Qh3 d5 19. cxd5 cxd5 20. Nc5 Qd6 21. Na4 Rbc8 22. Bg4 Rc2 23. Rfc1 Rfc8 24. Rxc2 Rxc2 25. Bxf5 Nxf5 26. Qd3 Qc6 27. Rd1 e4 28. Qh3 Rc1 29. Qg4 Qc2 30. Rf1 Rxf1+ 31. Kxf1 Qc1+ 32. Ke2 Nd4# 0-1

[Event "Late-Titled-Tuesday-Blitz-October-10-2023"]
[Site "Chess.com"]
[Date "2023.10.10"]
[Round "4"]
[White "vladoboch"]
[Black "NowInChess"]
[Result "1-0"]
[WhiteElo "2458"]
[BlackElo "2215"]
[TimeControl "180+1"]
[EndTime "14:34:53 PDT"]
[Termination "vladoboch won on time"]

1. e4 e6 2. d4 d5 3. e5 c5 4. c3 Nc6 5. Nf3 Qb6 6. Bd3 Nh6 7. O-O cxd4 8. Re1 Ng4 9. Nxd4 Ncxe5 10. Bb5+ Bd7 11.
Bxd7+ Kxd7 12. h3 Nxf2 13. Kxf2 Nc6 14. Be3 Qxb2+ 15. Re2 Qxa1 16. Nb3 Qxb1 17. Qxb1 Bd6 18.
Nc5+ Bxc5 19. Bxc5 b6 20. Be3 Rac8 21. Kg1 Na5 22.
Bd4 f6 23. Qb5+ Rc6 24. Qd3 Nc4 25. Qg3 Rg8 26. Bxf6 1-0